 Dungeon Crawl Stone Soup version 0.26-a0-1222-g14533b3512 (webtiles) character file.

Game seed: 6172805666094487248

58639 Conn the Covert (level 14, -8/60 HPs)
             Began as an Octopode Fire Elementalist on Dec 31, 2020.
             Was an Elder of Sif Muna.
             Killed from afar by a wretched star (28 damage)
             ... with a lance of force
             ... on level 3 of the Abyss.
             The game lasted 02:01:09 (22708 turns).

Conn the Covert (Octopode Fire Elementalist)       Turns: 22708, Time: 02:01:09

Health: -8/60      AC:  7    Str:  6 (9)  XL:     14   Next: 91%
Magic:  14/19      EV: 21    Int: 17 (24) God:    Sif Muna [****..]
Gold:   996        SH:  7    Dex: 10 (12) Spells: 3/32 levels left

rFire    + + .     SeeInvis .   Y - +8 spear "Sadeby" {flame, Fragile rN+ Int+4}
rCold    x . .     Faith    .   m - +2 buckler "Dares" {Dex+4}
rNeg     + . .     Spirit   .   H - +2 hat
rPois    +         Reflect  .   O - amulet "Setonoin" {rElec Regen+}
rElec    +         Harm     .   z - ring of protection from cold
rCorr    .         Rampage  .   C - ring of fire
Will     ++...     Rnd*Rage +   G - ring of fire
Stlth    ++++++....             y - ring of wizardry
HPRegen  0.60/turn              Z - +4 ring of evasion
MPRegen  0.16/turn              v - +4 ring of protection
                                B - +6 ring of strength
                                V - ring "Sein Mit" {rPois Will+ Str-2 Int+3}

@: studying Throwing
A: almost no armour, stealthy swim, amphibious, 8 rings, constrict 8, camouflage
1, [berserk 3], [blurry vision 3], [clumsy 2], [deterioration 2], [dopey 2],
[frail 3], [low mp 3], [screaming 2], [weak 2], gelatinous body 1, [no potion
heal 2]
a: Renounce Religion, Channel Magic, Forget Spell, Divine Exegesis


You were on level 3 of the Abyss.
You worshipped Sif Muna.
Sif Muna was greatly pleased with you.
You visited 3 branches of the dungeon, and saw 15 of its levels.
You visited the Abyss 1 time.
You also visited: Sewer, Bailey and Gauntlet.

You collected 1434 gold pieces.
You spent 438 gold pieces at shops.

Inventory:

Hand Weapons
 a - a +3 dagger of distortion
 b - the +0 mace of Action {speed, MP+9 SInv}
   (You found it on level 11 of the Dungeon)

   Attacks with this weapon are significantly faster.
   It affects your magic capacity (+9).
   It lets you see invisible.
 M - the +3 quarterstaff "Razopoo" {vorpal, +Fly Int+3 Stlth-}
   (You found it in a Gauntlet)

   It inflicts extra damage upon your enemies.
   It affects your intelligence (+3).
   It lets you fly.
   It makes you less stealthy.
 N - the +7 flail of Tocrigau {vorpal, *Corrode rElec Str+4 Dex+6}
   (You found it in a Gauntlet)

   It inflicts extra damage upon your enemies.
   It affects your strength (+4).
   It affects your dexterity (+6).
   It insulates you from electricity.
   It may corrode you when you take damage.
 P - the +4 great mace of Scorn {flame, +Inv Will+}
   (You took it off a two-headed ogre on level 10 of the Dungeon)

   It has been specially enchanted to burn those struck by it, causing extra
   injury to most foes and up to half again as much damage against particularly
   susceptible opponents.
   It affects your willpower, your defense against some magical effects.
   It lets you turn invisible.
 Q - the +9 great mace of the Pit {flame, rPois Int+3 SInv Stlth-}
   (You took it off a two-headed ogre on level 10 of the Dungeon)

   It has been specially enchanted to burn those struck by it, causing extra
   injury to most foes and up to half again as much damage against particularly
   susceptible opponents.
   It affects your intelligence (+3).
   It protects you from poison.
   It lets you see invisible.
   It makes you less stealthy.
 R - a +9 short sword
 Y - the +8 spear "Sadeby" (weapon) {flame, Fragile rN+ Int+4}
   (You found it on level 1 of the Lair of Beasts)

   It has been specially enchanted to burn those struck by it, causing extra
   injury to most foes and up to half again as much damage against particularly
   susceptible opponents.
   It affects your intelligence (+4).
   It protects you from negative energy.
   It will be destroyed if unequipped.
Missiles
 q - 86 poisoned darts
Armour
 m - the +2 buckler "Dares" (worn) {Dex+4}
   (You bought it in a shop on level 10 of the Dungeon)

   It affects your dexterity (+4).
 H - a +2 hat (worn)
Jewellery
 v - a +4 ring of protection (on tentacle)
 y - a ring of wizardry (on tentacle)
 z - a ring of protection from cold (left tentacle)
 B - a +6 ring of strength (on tentacle)
 C - a ring of fire (right tentacle)
 G - a ring of fire (on tentacle)
 J - an uncursed amulet of regeneration
 L - an uncursed ring of flight
 O - the amulet "Setonoin" (around mantle) {rElec Regen+}
   (You found it on level 11 of the Dungeon)

   [amulet of regeneration]

   It insulates you from electricity.
   It increases your rate of regeneration.
 S - an uncursed ring of see invisible
 T - an uncursed ring of resist corrosion
 V - the ring "Sein Mit" (on tentacle) {rPois Will+ Str-2 Int+3}
   (You found it on level 12 of the Dungeon)

   [ring of willpower]

   It affects your strength (-2).
   It affects your intelligence (+3).
   It protects you from poison.
   It affects your willpower, your defense against some magical effects.
 Z - a +4 ring of evasion (on tentacle)
Wands
 f - a wand of disintegration (18)
 r - a wand of random effects (27)
 s - a wand of iceblast (26)
 w - a wand of enslavement (6)
 E - a wand of polymorph (28)
 W - a wand of digging (4)
Scrolls
 c - 5 scrolls of remove curse
 d - 13 scrolls of identify
 h - a scroll of summoning
 k - 2 scrolls of fear
 n - 3 scrolls of amnesia
 A - 3 scrolls of immolation
 D - 2 scrolls of fog
 F - 3 scrolls of enchant armour
 I - a scroll of magic mapping
Potions
 e - 2 potions of brilliance
 j - 8 potions of flight
 o - 7 potions of curing
 p - 3 potions of might
 t - 3 potions of mutation
 u - a potion of cancellation
 X - a potion of berserk rage
Books
 l - a manual of Throwing
Miscellaneous
 K - a lightning rod (inert)


   Skills:
 + Level 4.3 Fighting
 + Level 3.8 Short Blades
 + Level 3.5(4.4) Maces & Flails
 + Level 4.0(4.7) Staves
 * Level 9.4 Dodging
 * Level 13.6 Stealth
 * Level 7.7 Shields
 + Level 0.6 Unarmed Combat
 + Level 9.5 Spellcasting
 + Level 7.6 Conjurations
 + Level 1.2 Hexes
 + Level 4.7 Translocations
 + Level 10.0 Fire Magic
 + Level 5.1 Air Magic
 - Level 5.0 Poison Magic
 + Level 4.4 Invocations
 + Level 1.6 Evocations


You had 3 spell levels left.
You knew the following spells:

 Your Spells              Type           Power        Failure   Level
a - Foxfire               Conj/Fire      100%         1%          1
b - Conjure Flame         Conj/Fire      72%          1%          3
c - Inner Flame           Hex/Fire       57%          1%          3
d - Sticky Flame          Conj/Fire      72%          1%          4
e - Blink                 Tloc           N/A          1%          2
f - Mephitic Cloud        Conj/Pois/Air  28%          1%          3
g - Fireball              Conj/Fire      36%          2%          5
h - Slow                  Hex            12%          3%          2
i - Call Imp              Summ           8%           6%          2
j - Airstrike             Air            12%          4%          4

Your spell library contained the following spells:

 Spells                   Type           Power        Failure   Level
 Apportation              Tloc           48%          1%          1
 Magic Dart               Conj           100%         1%          1
 Swiftness                Air            25%          1%          2
 Static Discharge         Conj/Air       29%          1%          3
 Corona                   Hex            13%          2%          1
 Animate Skeleton         Necr           16%          3%          1
 Beastly Appendage        Tmut           16%          3%          1
 Summon Small Mammal      Summ           32%          3%          1
 Spider Form              Tmut/Pois      8%           4%          3
 Wereblood                Tmut           8%           6%          2
 Frozen Ramparts          Ice            16%          11%         3
 Lightning Bolt           Conj/Air       14%          8%          5
 Summon Lightning Spire   Summ/Air       16%          12%         4
 Ice Form                 Ice/Tmut       8%           32%         4
 Blade Hands              Tmut           4%           65%         5


Dungeon Overview and Level Annotations

Branches:
Dungeon (13/15)            Temple (1/1) D:4            Lair (1/6) D:10
    Orc (0/2) D:10         Vaults (0/5) D:13          Sewer (visited)
 Bailey (visited)         Gauntlet (visited)

Altars:
Ashenzari
Dithmenos
Elyvilon
Fedhas
Gozag
Hepliaklqana
Kikubaaqudgha
Makhleb
Ru
Sif Muna
Trog
Vehumet
Xom
Yredelemnul

Shops:
D:6 :   D:10 ?[[[


Innate Abilities, Weirdness & Mutations

You cannot wear most types of armour.
You are very stealthy in the water. (Stealth+)
You are amphibious.
You can wear up to eight rings at the same time.
You can use your tentacles to constrict eight enemies at once.
Your skin changes colour to match your surroundings (Stealth+).
Your rubbery body absorbs attacks. (AC +1, EV +1)
[You have an uncontrollable temper.]
[Scrolls take you much longer to read.]
[You are very clumsy. (Dex -4)]
[Your body often deteriorates upon taking damage.]
[You are very dopey. (Int -4)]
[You are extremely frail. (-30% HP)]
[Your magical capacity is extremely low. (-30% MP)]
[You sometimes yell uncontrollably at your foes.]
[You are very weak. (Str -4)]
[Potions are poor at restoring your health.]


Message History

You feel much better.
The wretched star pulses with an eldritch light!
Your system partially rejects the healing effects of potions.
Your system mostly rejects the healing effects of potions.
Casting: Sticky Flame (dangerous; 1% risk of failure)
Confirm with . or Enter, or press ? or * to list all spells.
Aiming: Airstrike (dangerous; 4% risk of failure)
Press: ? - help, Dir - move target, f - wretched star, p - thrashing horror
Aim: a wretched star (moderately damaged)
The air twists around and violently strikes the wretched star!
The wretched star is moderately damaged.
The thrashing horror burns!
The thrashing horror tramples you!
* * * LOW HITPOINT WARNING * * *
Your body deteriorates!
You feel clumsy.
You hold your ground!
The thrashing horror misses you.
Your system partially rejects the healing.
You feel better.
You feel less invigorated.
The wretched star glows turbulently.
The lance of force hits you!!
You die...

≈≈.#.#.####
.. # ≈
##...# . ≈.
..# # # #
..#..
#.....# .
###.#.# #.#
. ##h. .. #
##*##. .# #
#@#.. .. #
.. ####
#.## . ..#
# .


You could see a wretched star and a raiju.

Vanquished Creatures
  Rupert (D:13)
  A revenant (Abyss:3)
  A minotaur (Gauntlet)
  A yaktaur captain (D:12)
  An ettin (D:12)
  3 hydras
  2 dancing weapons (D:13)
  5 two-headed ogres
  A centaur warrior (D:13)
  2 deep troll earth magi (D:11)
  A thrashing horror (Abyss:3)
  The ghost of anet the Thaumaturge, a journeyman DECj of Ashenzari (D:10)
  A flayed ghost (D:11)
  2 large abominations (Abyss:3)
  An unseen horror (D:12)
  2 orc knights (Bailey)
  An oklob plant (Lair:1)
  An ugly thing (D:11)
  2 manticores
  3 cyclopes
  A black mamba (Lair:1)
  Maurice (D:8)
  4 gargoyles
  3 cane toads (Lair:1)
  Maggie (D:6)
  5 komodo dragons
  An ancient zyme (Abyss:3)
  2 trolls
  2 hornets
  3 blink frogs (Lair:1)
  2 raiju (Abyss:3)
  5 slime creatures (D:12)
  A centaur simulacrum (Gauntlet)
  A fire bat (Abyss:3)
  2 shadows
  4 yaks (Lair:1)
  A neqoxec (Abyss:3)
  A redback simulacrum (Gauntlet)
  A chaos spawn (Abyss:3)
  A steam dragon (D:9)
  2 soldier ants (D:11)
  An acid dragon (D:12)
  A water moccasin (Lair:1)
  13 orc warriors
  A small abomination (Abyss:3)
  4 sky beasts
  2 ice beasts
  4 ogres
  A black bear (D:10)
  A phantom (D:11)
  An ice dragon simulacrum (Gauntlet)
  17 centaurs
  The ghost of mokwee the Stinger, an amateur OpVM (D:3)
  2 big kobolds
  8 bullfrogs
  3 scorpions
  11 killer bees (D:11)
  An electric eel (Lair:1)
  18 wights
  7 howler monkeys
  2 lava snakes (D:9)
  4 bullfrog zombies
  4 jellies
  A quasit (D:11)
  An iron imp (Abyss:3)
  7 hounds
  6 centaur skeletons
  5 orc priests
  5 orc wizards
  Crazy Yiuf (D:2)
  2 bullfrog skeletons
  Terence (D:2)
  5 iguanas
  13 worker ants
  Natasha (thrice) (D:2)
  A killer bee zombie (D:9)
  2 worker ant zombies (D:5)
  A howler monkey skeleton (D:5)
  15 adders
  3 river rats (Sewer)
  4 shadow imps
  2 white imps
  An ufetubus (Abyss:3)
  4 oozes
  2 adder zombies
  7 worms
  3 dart slugs
  The ghost of CurlyBrace the Sneak, a weakling FeDe (D:5)
  5 leopard geckos
  70 orcs
  5 ball pythons
  9 bats
  7 giant cockroaches
  8 goblins
  7 hobgoblins
  7 jackals
  37 kobolds
  10 quokkas
  6 frilled lizards
  2 jackal skeletons (D:5)
  2 quokka zombies
  38 rats
493 creatures vanquished.

Vanquished Creatures (collateral kills)
  A big kobold (D:9)
  A centaur zombie (D:9)
  2 kobolds (D:9)
4 creatures vanquished.

Vanquished Creatures (others)
  A small abomination (Abyss:3)
  A quokka (D:10)
  A demonic plant (Gauntlet)
  777 foxfires
  6 fungi
  16 starspawn tentacles (Abyss:3)
  14 withered plants (Gauntlet)
816 creatures vanquished.

Grand Total: 1313 creatures vanquished

Notes
Turn   | Place    | Note
-------+----------+-------------------------------------------
     0 | D:1      | Conn the Octopode Fire Elementalist began the quest for the
                  | Orb.
     0 | D:1      | Reached XP level 1. HP: 11/11 MP: 3/3
   218 | D:1      | Reached XP level 2. HP: 10/17 MP: 0/5
   763 | D:1      | Reached XP level 3. HP: 21/21 MP: 2/6
   803 | D:1      | Learned a level 3 spell: Conjure Flame
   825 | D:1      | Reached skill level 3 in Stealth
  1594 | D:2      | Reached XP level 4. HP: 27/27 MP: 2/7
  1778 | D:2      | Noticed Natasha
  1786 | D:2      | Killed Natasha
  1867 | D:2      | Noticed Natasha
  1914 | D:2      | Killed Natasha
  1915 | D:2      | Reached XP level 5. HP: 21/31 MP: 1/8
  2162 | D:2      | Reached skill level 4 in Stealth
  2164 | D:2      | Reached skill level 1 in Short Blades
  2329 | D:2      | Noticed Terence
  2339 | D:2      | Killed Terence
  2670 | D:2      | Noticed Natasha
  2683 | D:2      | Killed Natasha
  3090 | D:2      | Found a runed translucent door.
  3091 | D:2      | Noticed Crazy Yiuf
  3099 | D:2      | Learned a level 3 spell: Inner Flame
  3105 | D:2      | Killed Crazy Yiuf
  3106 | D:2      | Reached XP level 6. HP: 28/37 MP: 7/10
  3226 | D:3      | Reached skill level 1 in Fighting
  3377 | D:3      | Found a glowing drain.
  3391 | Sewer    | Entered a sewer
  3500 | Sewer    | Reached skill level 5 in Stealth
  4967 | D:3      | Found a runed translucent gate.
  4967 | D:3      | Found a runed translucent gate.
  4967 | D:3      | Found a runed translucent gate.
  5145 | D:3      | Noticed mokwee's ghost (amateur OpVM)
  5314 | D:4      | Reached XP level 7. HP: 28/43 MP: 5/11
  5527 | D:4      | Found a staircase to the Ecumenical Temple.
  5533 | Temple   | Entered the Ecumenical Temple
  5541 | Temple   | Became a worshipper of Sif Muna the Loreminder
  5636 | D:4      | Found a bloodstained altar of Trog.
  6143 | D:5      | Entered Level 5 of the Dungeon
  6393 | D:5      | Reached skill level 1 in Staves
  6481 | D:5      | Found a burning altar of Makhleb.
  6488 | D:5      | Reached skill level 6 in Stealth
  6972 | D:5      | Found a transporter.
  6976 | D:5      | Noticed CurlyBrace's ghost (weakling FeDe)
  7192 | D:5      | Found a transporter.
  7308 | D:5      | Learned a level 4 spell: Sticky Flame
  7515 | D:6      | Noticed Maggie
  7547 | D:6      | Killed Maggie
  7548 | D:6      | Reached skill level 7 in Stealth
  7548 | D:6      | Reached XP level 8. HP: 18/50 MP: 1/13
  7551 | D:6      | HP: 3/75 [something (9)]
  8265 | D:6      | Found Xanofa's Book Shop.
  8272 | D:6      | Bought a book of Minor Magic for 220 gold pieces
  8276 | D:6      | Learned a level 2 spell: Blink
  8563 | D:7      | Reached skill level 8 in Stealth
  8702 | D:7      | Reached skill level 1 in Translocations
  9411 | D:8      | Reached * piety under Sif Muna
  9426 | D:8      | Reached skill level 5 in Dodging
  9426 | D:8      | Reached XP level 9. HP: 38/55 MP: 8/14
  9432 | D:8      | Reached skill level 5 in Fire Magic
  9694 | D:8      | Noticed Maurice
  9743 | D:8      | Killed Maurice
  9744 | D:8      | Reached skill level 9 in Stealth
 10759 | D:9      | Found a flagged portal.
 10766 | Bailey   | Entered a bailey
 10881 | Bailey   | Learned a level 3 spell: Mephitic Cloud
 10887 | Bailey   | Reached ** piety under Sif Muna
 11049 | Bailey   | Reached skill level 1 in Poison Magic
 11050 | Bailey   | Reached XP level 10. HP: 62/62 MP: 2/16
 11215 | Bailey   | Noticed an orc knight
 11241 | Bailey   | Killed an orc knight
 11242 | Bailey   | Reached skill level 1 in Evocations
 11480 | Bailey   | Reached skill level 10 in Stealth
 11480 | Bailey   | Reached skill level 1 in Hexes
 11580 | Bailey   | Noticed an orc knight
 11720 | Bailey   | Noticed an orc knight
 11733 | Bailey   | Killed an orc knight
 11734 | Bailey   | Reached skill level 5 in Spellcasting
 12126 | D:9      | Reached *** piety under Sif Muna
 12835 | D:10     | Entered Level 10 of the Dungeon
 13476 | D:10     | Found a staircase to the Orcish Mines.
 13690 | D:10     | Noticed a two-headed ogre
 13690 | D:10     | Noticed anet's ghost (journeyman DECj)
 13691 | D:10     | Found a transporter.
 13691 | D:10     | Found a transporter.
 13694 | D:10     | Identified the +9 great mace of the Pit {flame, rPois Int+3
                  | SInv Stlth-}
 13694 | D:10     | Identified the +4 great mace of Scorn {flame, +Inv Will+}
 13694 | D:10     | Noticed a two-headed ogre
 13694 | D:10     | Noticed a two-headed ogre
 13700 | D:10     | Noticed a gargoyle
 13703 | D:10     | Killed a gargoyle
 13918 | D:10     | Found Tellesuf's General Store.
 14157 | D:10     | Found Udghuenn's Armour Boutique.
 14169 | D:10     | Found Jifrulib's Magic Scroll Shoppe.
 14183 | D:10     | Found a staircase to the Lair.
 14289 | D:10     | Found Fimizunn's Antique Armour Emporium.
 14298 | D:10     | Bought a bloodstained buckler for 218 gold pieces
 14307 | D:10     | Identified the +2 buckler "Dares" {Dex+4} (You bought it in
                  | a shop on level 10 of the Dungeon)
 14318 | D:10     | Found Pufror's Antique Armour Emporium.
 14318 | D:10     | Found a white marble altar of Elyvilon.
 14414 | D:10     | Noticed a two-headed ogre
 14444 | D:10     | Killed a two-headed ogre
 14445 | D:10     | Reached skill level 1 in Shields
 14445 | D:10     | Reached XP level 11. HP: 67/67 MP: 6/19
 14571 | D:10     | Reached **** piety under Sif Muna
 14970 | D:11     | Reached skill level 11 in Stealth
 15195 | D:11     | Found a gate leading to a gauntlet.
 15201 | D:11     | Noticed a two-headed ogre
 15204 | Gauntlet | Entered a Gauntlet
 15204 | Gauntlet | Found a transporter.
 15207 | Gauntlet | Found a transporter.
 15208 | Gauntlet | Found a transporter.
 15212 | Gauntlet | Found a transporter.
 15212 | Gauntlet | Noticed a green death
 15217 | Gauntlet | Noticed a hell hog
 15220 | Gauntlet | Found a transporter.
 15220 | Gauntlet | Found a transporter.
 15221 | Gauntlet | Found a transporter.
 15222 | Gauntlet | Noticed a death ooze
 15223 | Gauntlet | Found a transporter.
 15294 | Gauntlet | Found a transporter.
 15310 | Gauntlet | Found a transporter.
 15314 | Gauntlet | Found a transporter.
 15317 | Gauntlet | Noticed an orange crystal statue
 15323 | Gauntlet | Noticed a wretched star
 15332 | Gauntlet | Found a transporter.
 15395 | Gauntlet | Learned a level 5 spell: Fireball
 15426 | Gauntlet | Got a scorched flail
 15427 | Gauntlet | Identified the +7 flail of Tocrigau {vorpal, *Corrode rElec
                  | Str+4 Dex+6} (You found it in a Gauntlet)
 15457 | Gauntlet | Reached XP level 12. HP: 50/73 MP: 10/24
 15458 | Gauntlet | Reached XP level 13. HP: 54/78 MP: 11/25
 15527 | Gauntlet | Learned a level 2 spell: Slow
 15530 | Gauntlet | Learned a level 2 spell: Call Imp
 15538 | Gauntlet | Noticed a minotaur
 15545 | Gauntlet | Killed a minotaur
 15561 | Gauntlet | Got a crude quarterstaff
 15567 | Gauntlet | Identified the +3 quarterstaff "Razopoo" {vorpal, +Fly
                  | Int+3 Stlth-} (You found it in a Gauntlet)
 15923 | D:11     | Reached skill level 12 in Stealth
 15935 | D:11     | Reached skill level 1 in Maces & Flails
 16064 | D:11     | Identified the Handbook of Congealing Air
 16076 | D:11     | Got a brightly glowing mace
 16077 | D:11     | Identified the cursed +0 mace of Action {speed, MP+9 SInv}
                  | (You found it on level 11 of the Dungeon)
 16128 | D:11     | Reached skill level 5 in Shields
 16566 | D:11     | Reached ***** piety under Sif Muna
 16973 | D:11     | Got a serpentine graven amulet
 16984 | D:11     | Identified the amulet "Setonoin" {rElec Regen+} (You found
                  | it on level 11 of the Dungeon)
 17675 | D:10     | Killed anet's ghost
 17677 | D:10     | Reached XP level 14. HP: 72/84 MP: 20/26
 18047 | D:5      | Killed CurlyBrace's ghost
 18166 | D:3      | Killed mokwee's ghost
 18166 | D:3      | Identified Sif Muna's Almanac of Air (Sif Muna gifted it to
                  | you on level 3 of the Dungeon)
 18166 | D:3      | Received a gift from Sif Muna
 18498 | D:11     | Learned a level 4 spell: Airstrike
 19689 | D:12     | Reached skill level 5 in Poison Magic
 19884 | D:12     | Got a translucent tin ring
 19886 | D:12     | Identified the ring "Sein Mit" {rPois Will+ Str-2 Int+3}
                  | (You found it on level 12 of the Dungeon)
 20410 | D:13     | Noticed Rupert
 20418 | D:13     | Killed Rupert
 20419 | D:13     | Reached skill level 13 in Stealth
 20742 | D:13     | Found a gate to the Vaults.
 20884 | D:13     | Reached skill level 10 in Fire Magic
 21370 | Lair:1   | Entered Level 1 of the Lair of Beasts
 22095 | Lair:1   | Got a steaming spear
 22096 | Lair:1   | Identified the +8 spear "Sadeby" {flame, Fragile rN+ Int+4}
                  | (You found it on level 1 of the Lair of Beasts)
 22096 | Lair:1   | Cast into level 3 of the Abyss (unwielding a weapon of
                  | distortion)
 22136 | Abyss:3  | Noticed a starcursed mass
 22163 | Abyss:3  | Noticed a bone dragon
 22168 | Abyss:3  | Noticed a lich
 22179 | Abyss:3  | Noticed a tentacled starspawn
 22204 | Abyss:3  | Noticed a bone dragon
 22273 | Abyss:3  | Noticed a Hell Sentinel
 22275 | Abyss:3  | HP: 1/85 [Hell Sentinel/damnation (41)]
 22277 | Abyss:3  | Noticed a yellow draconian knight
 22295 | Abyss:3  | Found a corrupted altar of Lugonu.
 22331 | Abyss:3  | Noticed a tentacled starspawn
 22347 | Abyss:3  | Found an iron altar of Okawaru.
 22379 | Abyss:3  | Noticed a revenant
 22392 | Abyss:3  | Killed a revenant
 22406 | Abyss:3  | Reached skill level 5 in Air Magic
 22570 | Abyss:3  | Noticed a lich
 22572 | Abyss:3  | Noticed a starcursed mass
 22595 | Abyss:3  | Noticed a tentacled starspawn
 22601 | Abyss:3  | Noticed a tentacled starspawn
 22613 | Abyss:3  | Noticed a tentacled starspawn
 22622 | Abyss:3  | Noticed a deep elf demonologist
 22646 | Abyss:3  | Noticed a tentacled starspawn
 22708 | Abyss:3  | Killed from afar by a wretched star

Illustrated notes

Levels and vault maps discovered:
D:1:      matt_arrival_grand_opening, layout_basic
D:2:      layout_loops_ring, uniq_crazy_yiuf_cottage, uniq_terence, uniq_natasha
D:3:      layout_rooms, portal_sewer_entry_b, gammafunk_ghost_nasty_kobolds
D:4:      layout_cave_pods, temple_green, serial_column_ruins,
          column_ruins_square_medium, column_ruins_square_medium,
          column_ruins_corridor_dead_end, column_ruins_columns_straight,
          column_ruins_grid_1, column_ruins_open_medium, column_ruins_grid_1,
          column_ruins_open_small, kennysheep_decorative_pillar,
          trog_butcher_becter
D:5:      layout_basic, makhleb_blood_cavern_becter, gammafunk_ghost_arena
D:6:      layout_loops_cross, serial_shops, shop, serial_rivers,
          chequers_serial_rivers_large_b, chequers_serial_rivers_micro_a,
          chequers_serial_rivers_large_a, chequers_serial_rivers_micro_c,
          serial_bayou_crossing, uniq_maggie
D:7:      layout_cave_pods
D:8:      layout_basic, uniq_maurice
D:9:      layout_grid_maze, enter_bailey_3, st_stairs_7, kennysheep_boxes
D:10:     layout_irregular_city, lair_entry_dummy, hiddenorc2_lemuel,
          gammafunk_ghost_smash, serial_shops, nicolae_shop_trees, shop, shop,
          shop, shop, elyvilon_altar_4
D:11:     minmay_the_grid_net [minmay_the_grid_eight, minmay_the_grid_all_tris,
          minmay_the_grid_medium_cups, minmay_the_grid_plusring,
          minmay_the_grid_tree, minmay_the_grid_prize_diamond_cup],
          layout_stronghold, gauntlet_entry_generic
D:12:     layout_layer_cave, wad_scary_box
D:13:     layout_rooms, erik_vaults_1, item_on_display_a, uniq_rupert
Temple:   dpeg_three_leaves_temple
Lair:1:   layout_roguey, minmay_lair_oklob_items, infiniplex_staircase_pool,
          grunt_megastairs_5
Abyss:3:  base: D:5, evilmike_abyss_exit_16, evilmike_abyss_rune_siren_acolytes,
          evilmike_abyss_exit_mutagenic, evilmike_abyss_rune_elephants_shrine,
          hangedman_abyss_or_decor_lesser_grid, evilmike_abyss_rune_ettins,
          hangedman_abyss_or_decor_lesser_grid

Skill      XL: |  1  2  3  4  5  6  7  8  9 10 11 12 13 14 |
---------------+-------------------------------------------+-----
Stealth        | 3 4 5 7 8 9 10 11 12 13 | 13.6
Fire Magic     | 4 5 6 9 10 | 10.0
Short Blades   | 1 2 3 |  3.8
Dodging        | 3 4 5 6 7 8 9 |  9.4
Fighting       | 1 2 3 4 |  4.3
Conjurations   | 2 3 4 6 7 |  7.6
Spellcasting   | 3 4 5 8 9 |  9.5
Staves         | 2 3 4 |  4.0
Translocations | 1 3 4 |  4.7
Poison Magic   | 1 4 5 |  5.0
Evocations     | 1 |  1.6
Hexes          | 1 |  1.2
Shields        | 1 4 5 7 |  7.7
Air Magic      | 4 5 |  5.1
Invocations    | 4 |  4.4
Maces & Flails | 1 3 |  3.5
Unarmed Combat | |  0.6

Action                   |  1- 3 |  4- 6 |  7- 9 | 10-12 | 13-15 || total
-------------------------+-------+-------+-------+-------+-------++-------
Melee: Unarmed           |     5 |       |       |       |       ||     5
       Constrict         |     6 |    21 |    29 |    29 |    32 ||   117
       Short sword       |    15 |    73 |    57 |   159 |    19 ||   323
       Tentacles         |       |    15 |    20 |    22 |    43 ||   100
       Punch             |       |     1 |       |       |       ||     1
       Quarterstaff      |       |    27 |    91 |       |       ||   118
       Flail             |       |       |       |     1 |    34 ||    35
       Mace              |       |       |       |       |   101 ||   101
       Dagger            |       |       |       |       |    27 ||    27
       Spear             |       |       |       |       |    20 ||    20
 Cast: Foxfire           |    64 |   128 |   105 |    70 |    67 ||   434
       Inner Flame       |       |       |     7 |     3 |       ||    10
       Conjure Flame     |       |       |     5 |     5 |     9 ||    19
       Sticky Flame      |       |       |     1 |     6 |    32 ||    39
       Mephitic Cloud    |       |       |       |    14 |    23 ||    37
       Fireball          |       |       |       |     2 |    71 ||    73
       Blink             |       |       |       |       |    17 ||    17
       Airstrike         |       |       |       |       |    29 ||    29
Invok: Channel Magic     |       |       |       |       |     4 ||     4
Evoke: Wand              |       |       |     9 |    12 |     1 ||    22
       Lightning rod     |       |       |       |     2 |     4 ||     6
  Use: Potion            |       |     6 |     7 |     8 |    15 ||    36
       Scroll            |       |       |     4 |    18 |     7 ||    29
 Stab: Sleeping          |     4 |     6 |    14 |    13 |    15 ||    52
       Petrified         |       |       |     3 |       |       ||     3
       Confused          |       |       |       |     6 |     5 ||    11
       Distracted        |       |       |       |     2 |       ||     2
Armor: Skin              |     2 |     4 |    11 |     9 |    34 ||    60
Dodge: Dodged            |    28 |    80 |   105 |   157 |   273 ||   643
Block: Buckler           |       |       |       |     6 |   117 ||   123

Table legend: (Time is in decaauts)
 A = Elapsed time spent in this place.
 B = Non-inter-level travel time spent in this place.
 C = Inter-level travel time spent in this place.
 D = Time resting spent in this place.
 E = Time spent auto-exploring this place.
 F = Levels seen in this place.
 G = Mean time per level.
                   A        B        C        D        E       F      G
               +--------+--------+--------+--------+--------+-----+--------+
         Total |  22699 |  21857 |    842 |   6029 |   8926 |  19 | 1194.7 |
       Dungeon |  18261 |  17420 |    841 |   4433 |   7981 |  13 | 1404.7 |
        Temple |     16 |     16 |      0 |      0 |      0 |   1 |   16.0 |
          Lair |    717 |    717 |      0 |    131 |    348 |   1 |  717.0 |
         Abyss |    604 |    604 |      0 |     98 |      0 |   1 |  604.0 |
         Sewer |   1474 |   1474 |      0 |    586 |    354 |   1 | 1474.0 |
        Bailey |   1138 |   1138 |      0 |    712 |     37 |   1 | 1138.0 |
      Gauntlet |    486 |    486 |      0 |     69 |    206 |   1 |  486.0 |
               +--------+--------+--------+--------+--------+-----+--------+

Top non-repeatable levels by time:
    D:12: 2265 daAuts
    D:11: 2251 daAuts
     D:9: 1968 daAuts
     D:2: 1946 daAuts
    D:10: 1711 daAuts
   Sewer: 1474 daAuts
     D:1: 1370 daAuts
     D:8: 1328 daAuts
     D:5: 1300 daAuts
  Bailey: 1138 daAuts
     D:6: 1130 daAuts
     D:4: 919 daAuts
     D:7: 858 daAuts
  Lair:1: 717 daAuts
     D:3: 630 daAuts
